 Dungeon Crawl Stone Soup version 0.21-a0-91-ga5031da (webtiles) character file.

62 4thArraOfDagon the Gusty (level 4, -3/30 HPs)
             Began as a Formicid Air Elementalist on June 30, 2017.
             Slain by a bullfrog (8 damage)
             ... on level 6 of the Dungeon.
             The game lasted 00:03:55 (710 turns).

4thArraOfDagon the Gusty (Formicid Air Elementalist) Turns: 710, Time: 00:03:55

Health: -3/30      AC:  2    Str: 13    XL:     4   Next: 28%
Magic:  1/7        EV: 12    Int: 15    God:
Gold:   69         SH:  0    Dex: 11    Spells: 1/7 levels left

rFire    . . .     SeeInvis +   h - +0 great mace
rCold    . . .     Gourm    .   (no shield)
rNeg     . . .     Faith    .   a - +0 robe
rPois    .         Spirit   .   (helmet unavailable)
rElec    .         Reflect  .   (no cloak)
rCorr    .         Harm     .   (no gloves)
MR       .....                  (no boots)
Stlth    ++........             (no amulet)
HPRegen  0.10/turn              (no ring)
MPRegen  0.10/turn              (no ring)

@: very slightly contaminated
A: permanent stasis, dig shafts and tunnels, four strong arms, antennae 3
a: Dig, Shaft Self


You were on level 6 of the Dungeon.
You were not hungry.

You visited 1 branch of the dungeon, and saw 7 of its levels.

You collected 69 gold pieces.

Inventory:

Hand Weapons
 h - a +0 great mace (weapon)
Armour
 a - a +0 robe (worn)
Potions
 d - a potion of flight
Books
 b - a book of Air

   Spells                             Type                      Level
   a - Shock                          Conjuration/Air              1
   b - Swiftness                      Charms/Air                   2
   c - Static Discharge               Conjuration/Air              3
   d - Airstrike                      Air                          4
   e - Lightning Bolt                 Conjuration/Air              5
Comestibles
 c - 2 bread rations
 f - 2 fruits
 g - a meat ration


   Skills:
 - Level 1.7 Dodging
 - Level 2.4 Stealth
 - Level 2.1 Spellcasting
 - Level 1.0 Conjurations
 * Level 3.9 Air Magic


You had one spell level left.
You knew the following spells:

 Your Spells              Type           Power        Failure   Level  Hunger
a - Shock                 Conj/Air       #...         8%          1    #......
b - Swiftness             Chrm/Air       #.......     14%         2    ###....
c - Static Discharge      Conj/Air       #.......     24%         3    ###....


Dungeon Overview and Level Annotations

Branches:
Dungeon (7/15)
 Temple: D:4-7

Altars:

Shops:
D:5 (


Innate Abilities, Weirdness & Mutations

You cannot be hasted, slowed, berserked, paralysed or teleported.
You can dig through walls and to a lower floor.
Your four strong arms can wield two-handed weapons with a shield.
You have a pair of large antennae on your head. (SInv)


Message History

The zap misses the bullfrog.
The bullfrog hits you. The bullfrog barely misses you.
Casting: Shock
Confirm with . or Enter, or press ? or * to list all spells.
Aiming: Shock
Press: ? - help, Shift-Dir - straight line The zap hits the bullfrog.
The bullfrog is moderately wounded.
The zap misses the bullfrog.
The bullfrog hits you!
* * * LOW HITPOINT WARNING * * *
Casting: Shock
Confirm with . or Enter, or press ? or * to list all spells.
Aiming: Shock
Press: ? - help, Shift-Dir - straight line The zap hits the bullfrog.
The bullfrog is heavily wounded.
The zap hits the bullfrog.
The bullfrog is severely wounded.
The bullfrog hits you!
You die...

#.............#
#.............#
#.............#
#.............#
##.............#
##.............###########
##.......................#
....#######'############.###
........# #.# #.@..........#
...###### #.# #F########.###
#..#### #.# #.# #.#
......#####.##...# #.#
..>.........#.....# #.#
......#####.#.....# #.#
......### ###.....# #.#
......'.# ##...## #.#
......#.# ....$ #.#


You could see a bullfrog.

Vanquished Creatures
  A hound (D:5)
  2 adders (D:6)
  A shadow imp (D:5)
  A leopard gecko (D:1)
  A giant cockroach (D:6)
  A jackal skeleton (D:4)
  A jackal zombie (D:5)
  2 rats
10 creatures vanquished.

Notes
Turn   | Place    | Note
-------+----------+-------------------------------------------
     0 | D:1      | 4thArraOfDagon the Formicid Air Elementalist began the quest for the Orb.
     0 | D:1      | Reached XP level 1. HP: 13/13 MP: 3/3
    93 | D:1      | You fall through a shaft!
   209 | D:4      | Noticed an orc wizard
   212 | D:5      | Entered Level 5 of the Dungeon
   235 | D:5      | Noticed a hound
   244 | D:5      | Killed a hound
   244 | D:5      | Reached skill level 3 in Air Magic
   244 | D:5      | Reached XP level 2. HP: 14/19 MP: 0/5
   244 | D:5      | Reached XP level 3. HP: 17/24 MP: 0/6
   335 | D:5      | Reached skill level 1 in Conjurations
   365 | D:5      | Found Bemmycw's Antique Weapon Boutique.
   394 | D:5      | Learned a level 2 spell: Swiftness
   412 | D:6      | Reached XP level 4. HP: 26/30 MP: 2/7
   417 | D:6      | Learned a level 3 spell: Static Discharge
   697 | D:6      | Noticed a bullfrog
   710 | D:6      | Slain by a bullfrog

Vault maps used:
D:1:      lemuel_arrival_funnel
D:2:      amethyst_overflow_temple_binary, st_stairs_14, grunt_ministairs_2,
          minmay_misc_feat_pillars
D:3:      first_bread, minmay_misc_feat_square, uniq_ijyb
D:5:      kennysheep_mini_moat, serial_shops, shop
D:6:      marbit_many_paths, st_stairs_12, tso_metal_star
D:7:      minmay_temple_entry_large_hall

Skill      XL: |  1  2  3 |
---------------+----------+-----
Air Magic      | 3 |  3.9
Conjurations   | 1 |  1.0
Dodging        | |  1.7
Stealth        | |  2.4
Spellcasting   | |  2.1

Action                   |  1- 3 |  4- 6 || total
-------------------------+-------+-------++-------
Melee: Unarmed           |    17 |       ||    17
       Great mace        |       |     3 ||     3
 Cast: Shock             |    18 |     9 ||    27
 Abil: Shaft Self        |     1 |       ||     1
       Dig               |     1 |     1 ||     2
  Use: Scroll            |       |     1 ||     1
 Stab: Sleeping          |     1 |       ||     1
Armor: Robe              |     8 |     4 ||    12
Dodge: Dodged            |    16 |     8 ||    24
